 Dungeon Crawl Stone Soup version 0.25.1-2-g60ff931df9 (webtiles) character file.

Game seed: 12477158149818205331

1681 DearestLeader the Chopper (level 8, -4/64 HPs)
             Began as a Demonspawn Gladiator on Oct 24, 2020.
             Was a Follower of Qazlal.
             Killed by divine providence
             ... invoked by an orc priest
              (15 damage)
             ... on level 6 of the Dungeon.
             The game lasted 00:12:32 (6478 turns).

DearestLeader the Chopper (Demonspawn Gladiator)    Turns: 6478, Time: 00:12:32

Health: -4/64      AC: 11    Str: 16    XL:     8   Next: 71%
Magic:  8/8        EV:  8    Int: 10    God:    Qazlal [*.....]
Gold:   351        SH:  1    Dex: 15    Spells: 7/7 levels left

rFire    . . .     SeeInvis .   a - +0 war axe
rCold    . . .     Gourm    .   (no shield)
rNeg     . . .     Faith    .   x - +0 chain mail
rPois    .         Spirit   .   g - +2 hat
rElec    .         Reflect  .   (no cloak)
rCorr    +         Harm     .   (no gloves)
MR       .....                  (no boots)
Stlth    ..........             (no amulet)
HPRegen  1.20/turn              s - ring of resist corrosion
MPRegen  0.11/turn              (no ring)

@: lightly drained
A: hooves 1, foul stench 1, powered by death 1, rot immunity
a: Renounce Religion


You were on level 6 of the Dungeon.
You worshipped Qazlal.
Qazlal was aware of your devotion.
You were very hungry.

You visited 2 branches of the dungeon, and saw 8 of its levels.

You collected 351 gold pieces.

Inventory:

Hand Weapons
 a - a +0 war axe (weapon)
Missiles
 d - 3 throwing nets
 i - 9 poisoned darts (quivered)
Armour
 c - a +0 helmet
 g - a +2 hat (worn)
 x - a +0 chain mail (worn)
Jewellery
 k - an uncursed ring of ice
 n - an uncursed ring of ice
 s - a ring of resist corrosion (left hand)
Wands
 v - a wand of iceblast (11)
Scrolls
 b - a scroll of identify
 e - a scroll of fear
 l - a scroll of enchant weapon {unknown}
 m - 2 scrolls of teleportation
 r - 4 scrolls of remove curse
 u - a scroll of enchant armour {unknown}
 y - a scroll of fog {unknown}
Potions
 h - 2 potions of ambrosia {unknown}
 j - a potion of cancellation {unknown}
 o - a potion of resistance {unknown}
 p - 2 potions of mutation {unknown}
 q - a potion of curing
 t - a potion of brilliance {unknown}
 w - a potion of heal wounds {unknown}
 A - a potion of flight {unknown}
Comestibles
 f - 5 rations


   Skills:
 * Level 5.9(5.7) Fighting
 * Level 7.7(7.6) Axes
 - Level 1.7(1.6) Throwing
 + Level 4.3(4.1) Armour
 - Level 3.3(3.1) Dodging


You had 7 spell levels left.
You didn't know any spells.
Your spell library contained the following spells:

 Spells                   Type           Power        Failure   Level  Hunger
 Magic Dart               Conj           #...         99%         1    ##.....
 Summon Small Mammal      Summ           #...         99%         1    ##.....
 Blink                    Tloc           N/A          100%        2    ###....
 Call Imp                 Summ           #.......     100%        2    ###....
 Slow                     Hex            #.......     100%        2    ###....
 Call Canine Familiar     Summ           #.......     100%        3    ####...
 Conjure Flame            Conj/Fire      #.......     100%        3    ####...
 Mephitic Cloud           Conj/Pois/Air  #.......     100%        3    ####...
 Summon Guardian Golem    Hex/Summ       #.......     100%        3    ####...
 Summon Ice Beast         Ice/Summ       #.......     100%        4    #####..
 Summon Lightning Spire   Summ/Air       #.......     100%        4    #####..


Dungeon Overview and Level Annotations

Branches:
Dungeon (7/15)             Temple (1/1) D:5

Altars:
Ashenzari
Dithmenos
Elyvilon
Fedhas
Hepliaklqana
Qazlal
Ru
Sif Muna
Vehumet
Zin
The Shining One

Shops:
D:4 ?

Annotations:
D:5 2 transporters, lysyklops's ghost, novice MiFi


Innate Abilities, Weirdness & Mutations

You have large cloven feet.
You may emit foul miasma when damaged in melee.
You regenerate a little health from kills.
You are immune to rotting.


Message History

You barely miss the orc. The orc hits you but does no damage.
Your chain mail prevents you from hitting the orc.
You kick the orc.
The orc is lightly wounded.
The orc priest invokes the aid of Beogh against you.
Beogh smites you! The orc hits you but does no damage.
You slash the orc!
You kill the orc!
Qazlal accepts your kill.
The orc priest calls down the wrath of Beogh upon you.
Pain shoots through your body!
You hit the leopard gecko.
You kill the leopard gecko!
Qazlal accepts your kill.
The orc priest calls down the wrath of Beogh upon you.
Beogh smites you!
* * * LOW HITPOINT WARNING * * *
The orc priest invokes the aid of Beogh against you.
Beogh smites you!
You die...

...(.(.)...# #..##.#
#########..###..# #
#..<....# # #.####.##
# #.# #..# # #.#
##.## # #.# #..#.#
... ##.#.# ... #@#.#
.. #)#.# #.....#.o..#
#.....#.#..#
#.......#..# #
#.........#.#
#....###....#
########....+.#.#..#
.............#.#Y#..#


You could see an orc priest.

Vanquished Creatures
  A hippogriff (D:7)
  An orc warrior (D:7)
  A black bear (D:6)
  A phantom (D:7)
  An ogre (D:7)
  2 centaurs
  2 bullfrogs
  A gnoll sergeant (D:7)
  A scorpion (D:7)
  2 howler monkeys (D:6)
  A crimson imp (D:5)
  An orc priest (D:5)
  A hound (D:5)
  4 orc wizards
  5 worker ants
  A killer bee zombie (D:6)
  3 hound skeletons
  8 adders
  3 gnolls (D:7)
  A howler monkey skeleton (D:7)
  3 oozes
  4 worms
  An adder zombie (D:7)
  4 dart slugs
  6 leopard geckos
  21 orcs
  A ball python (D:1)
  4 bats
  5 giant cockroaches
  9 goblins
  2 hobgoblins
  2 jackals (D:1)
  11 kobolds
  2 quokkas
  6 frilled lizards
  A leopard gecko zombie (D:7)
  A quokka skeleton (D:4)
  9 rats
133 creatures vanquished.

Vanquished Creatures (others)
  An orc wizard (D:6)
  2 bushes (D:7)
  10 plants
13 creatures vanquished.

Grand Total: 146 creatures vanquished

Notes
Turn   | Place    | Note
-------+----------+-------------------------------------------
     0 | D:1      | DearestLeader the Demonspawn Gladiator began the quest for
                  | the Orb.
     0 | D:1      | Reached XP level 1. HP: 16/16 MP: 1/1
   248 | D:1      | Reached skill level 3 in Axes
   260 | D:1      | Gained mutation: You have large cloven feet. [demonic
                  | ancestry]
   260 | D:1      | Reached XP level 2. HP: 18/22 MP: 2/2
   698 | D:1      | Gained mutation: You regenerate a little health from kills.
                  | [demonic ancestry]
   698 | D:1      | Reached XP level 3. HP: 26/27 MP: 3/3
  1492 | D:2      | Reached skill level 4 in Axes
  1492 | D:2      | Reached XP level 4. HP: 29/33 MP: 4/4
  2291 | D:3      | Reached skill level 1 in Armour
  2606 | D:3      | Found a sacrificial altar of Ru.
  2788 | D:3      | Found a shimmering blue altar of Sif Muna.
  2862 | D:4      | Found a hazy altar of Hepliaklqana.
  2878 | D:4      | Gained mutation: You are immune to rotting. [demonic
                  | ancestry]
  2878 | D:4      | Reached XP level 5. HP: 27/38 MP: 5/5
  3045 | D:4      | Reached skill level 5 in Axes
  3340 | D:4      | Found Kerchuf's Magic Scroll Shop.
  3618 | D:4      | Gained mutation: You may emit foul miasma when damaged in
                  | melee. [demonic ancestry]
  3618 | D:4      | Reached XP level 6. HP: 44/44 MP: 6/6
  3781 | D:5      | Entered Level 5 of the Dungeon
  4034 | D:5      | Found a transporter.
  4035 | D:5      | Found a transporter.
  4367 | D:5      | Found a staircase to the Ecumenical Temple.
  4381 | Temple   | Entered the Ecumenical Temple
  4416 | Temple   | Became a worshipper of Qazlal Stormbringer
  4491 | D:5      | Noticed lysyklops's ghost (novice MiFi)
  4545 | D:5      | Identified the +3 ring mail of Idealism {rPois MR+ Dex+2}
  4587 | D:5      | Reached skill level 6 in Axes
  4587 | D:5      | Reached XP level 7. HP: 51/51 MP: 7/7
  4607 | D:5      | Found a glowing golden altar of the Shining One.
  4607 | D:5      | Found a white marble altar of Elyvilon.
  4607 | D:5      | Found a glowing silver altar of Zin.
  4789 | D:6      | Found a blossoming altar of Fedhas.
  5187 | D:7      | Found a shattered altar of Ashenzari.
  5192 | D:7      | Found a radiant altar of Vehumet.
  5270 | D:7      | Noticed a hippogriff
  5282 | D:7      | Killed a hippogriff
  5282 | D:7      | Reached skill level 7 in Axes
  5282 | D:7      | Reached XP level 8. HP: 35/61 MP: 8/8
  5282 | D:7      | Reached * piety under Qazlal
  5387 | D:7      | Found a shadowy altar of Dithmenos.
  5436 | D:7      | Reached skill level 5 in Fighting
  6478 | D:6      | Killed from afar by an orc priest

Illustrated notes

Levels and vault maps discovered:
D:1:      ebering_trefoil_3fold, layout_loops_ring
D:2:      minmay_recursive_quarters, layout_basic
D:3:      layout_basic, led_sif_pool, overflow_temple_1_default
D:4:      layout_basic, kennysheep_mini_moat, serial_shops, shop_fountains
D:5:      layout_basic, good_gods_mini_temple, temple_statues, first_ration,
          gammafunk_ghost_gnarly_gnolls, skrybe_limestone_x
D:6:      layout_basic, lemuel_round_altar
D:7:      layout_cave_pools, nicolae_dithmenos_through_a_glass_darkly,
          grunt_temple_overflow_open, fedhas_altar_decomposition
Temple:   minmay_temple_curvy_loop

Skill      XL: |  1  2  3  4  5  6  7  8 |
---------------+-------------------------+-----
Axes           | 3 4 5 6 7 |  7.7
Dodging        | 3 |  3.3
Armour         | 1 2 3 4 |  4.3
Fighting       | 4 5 |  5.9
Throwing       | |  1.7

Action                   |  1- 3 |  4- 6 |  7- 9 || total
-------------------------+-------+-------+-------++-------
Melee: War axe           |    71 |   155 |   198 ||   424
       Kick              |     8 |    41 |    65 ||   114
  Use: Scroll            |       |     7 |     3 ||    10
       Potion            |       |       |     3 ||     3
  Eat: Chunk             |     1 |    10 |     6 ||    17
Armor: Leather armour    |    28 |    15 |       ||    43
       Scale mail        |       |    20 |       ||    20
       Chain mail        |       |    36 |   169 ||   205
Dodge: Dodged            |    68 |    93 |    88 ||   249
Block: Other             |       |       |     8 ||     8
